 Dungeon Crawl Stone Soup version bcrawl-1.19.2-6-g6a88ae04c9 (webtiles) character file.

Game seed: 9433903768606694756

142093 Artagas the Carver (level 16, -5/104 HPs)
             Began as a Twilight Stalker Rogue on Jan 2, 2020.
             Was a High Priest of Dithmenos.
             Killed from afar by a frost giant (22 damage)
             ... with a freezing blast
             ... on level 3 of the Vaults on Jan 3, 2020.
             The game lasted 01:10:21 (21426 turns).

Artagas the Carver (Twilight Stalker Rogue)        Turns: 21426, Time: 01:10:21

Health: -5/104     AC: 21    Str: 25    XL:     16   Next: 65%
Magic:  17/24      EV: 23    Int: 11    God:    Dithmenos [*****.]
Gold:   1703       SH: 18    Dex: 22    Spells: 15/15 levels left

rFire    . . .     SeeInvis .   a - +6 long sword of Gimmemmulust {slice, +Inv rPois MR+ Dex+5}
rCold    . . .     Gourm    .   R - +1 shield {AC+3}
rNeg     + + +     Faith    .   X - +6 scale mail of the Buccaneer {Str+2}
rPois    ∞         Spirit   .   l - +2 hat
rElec    +         Reflect  .   F - +1 cloak {+Inv}
rCorr    .         Harm     .   J - +0 pair of gloves {Str+3}
MR       +++++                  (no boots)
Stlth    ++++++++++             x - amulet of regeneration
HPRegen  1.07/turn              T - ring of insulation
MPRegen  0.19/turn              u - +5 ring of evasion

@: shadow-form (expiring), very slightly contaminated, wreathed by umbra,
heavily drained, invisible (expiring)
A: fangs 3, nightstalker 3, regeneration 1, no potion heal 3, rot immunity,
draining bite, strong jaws, assimilated armour
}: 2/15 runes: decaying, gossamer
a: End Transformation, Shadow Step, Shadow Form, Renounce Religion, Evoke
Invisibility


You were on level 3 of the Vaults.
You worshipped Dithmenos.
Dithmenos was extremely pleased with you.
You were not hungry.
You were a swirling mass of dark shadows.
You visited 6 branches of the dungeon, and saw 28 of its levels.
You also visited: Bailey.

You collected 2086 gold pieces.
You spent 383 gold pieces at shops.

Inventory:

Hand Weapons
 a - the +6 long sword of Gimmemmulust (weapon) {slice, +Inv rPois MR+ Dex+5}
   (You found it on level 4 of the Dungeon)

   It inflicts extra damage upon your enemies.
   It affects your dexterity (+5).
   It protects you from poison.
   It affects your resistance to hostile enchantments.
   It lets you turn invisible.
 b - a +2 dagger
 D - a +0 blowgun
Missiles
 p - 60 needles of confusion
 P - a throwing net {!f}
 U - 77 curare-tipped needles
 Y - 80 poisoned tomahawks (quivered)
Armour
 l - a +2 hat (worn)
   (You found it on level 1 of the Dungeon)
 F - a +1 cloak of invisibility (worn)
   (You took it off Maurice on level 8 of the Dungeon)
 J - a +0 pair of gloves of strength (worn)
   (You found it on level 3 of the Swamp)
 R - a +1 shield of protection (worn)
   (You found it on level 6 of the Lair of Beasts)
 X - the +6 scale mail of the Buccaneer (worn) {Str+2}
   (You found it on level 2 of the Lair of Beasts)

   It affects your strength (+2).
Jewellery
 k - an uncursed ring of resist corrosion
   (You found it on level 10 of the Dungeon)
 o - an uncursed ring of poison resistance
   (You found it on level 5 of the Lair of Beasts)
 u - a +5 ring of evasion (right hand)
   (You found it on level 3 of the Dungeon)
 x - an amulet of regeneration (around neck)
   (You found it on level 4 of the Lair of Beasts)
 T - a ring of insulation (left hand)
   (You found it on level 7 of the Dungeon)
 W - an uncursed ring of flight
   (You found it on level 2 of the Lair of Beasts)
Wands
 g - a wand of enslavement (19)
 v - a wand of digging (12)
   (You found it on level 12 of the Dungeon)
 E - a wand of paralysis (16)
   (You found it on level 6 of the Lair of Beasts)
 I - a wand of iceblast (14)
   (You took it off Maurice on level 8 of the Dungeon)
 Z - a wand of acid (18)
   (You found it on level 6 of the Lair of Beasts)
Scrolls
 m - 7 scrolls of enchant weapon
 r - 10 scrolls of identify
 t - 2 scrolls of teleportation
 z - a scroll of blinking
 A - a scroll of fear
 C - 3 scrolls of magic mapping
 G - 11 scrolls of remove curse
 H - 4 scrolls of fog
 N - a scroll of immolation
 O - a scroll of vulnerability
 Q - 2 scrolls of enchant armour
Potions
 d - a potion of might
 f - a potion of berserk rage
 i - 11 potions of brilliance
 j - a potion of cancellation
 q - 14 potions of curing
 s - a potion of agility
 w - 4 potions of ambrosia
 y - 3 potions of flight
 B - 2 potions of magic
 K - 4 potions of lignification
 L - 3 potions of mutation
 S - a potion of invisibility
 V - 3 potions of degeneration
Miscellaneous
 c - a lamp of fire (inert)
   (You found it on level 6 of the Lair of Beasts)
 n - a lightning rod (4/4)
   (You found it on level 6 of the Lair of Beasts)
Comestibles
 e - 31 rations {!d}


   Skills:
 + Level 13.3(11.7) Fighting
 - Level 4.1(8.5) Short Blades
 - Level 13.7(12.3) Long Blades
 - Level 6.0(4.6) Armour
 + Level 12.8(11.2) Dodging
 - Level 6.0(4.6) Stealth
 - Level 8.0(6.5) Shields
 - Level 10.0(8.4) Invocations
 - Level 5.0(3.6) Evocations


You had 15 spell levels left.
You didn't know any spells.
Your spell library contained the following spells:

 Spells                   Type           Power        Failure   Level  Hunger
 Animate Skeleton         Necr           N/A          94%         1    ##.....
 Apportation              Tloc           #.....       94%         1    ##.....
 Freeze                   Ice            #.....       94%         1    ##.....
 Infusion                 Chrm           #.......     94%         1    ##.....
 Magic Dart               Conj           #...         94%         1    ##.....
 Pain                     Necr           #.....       94%         1    ##.....
 Sandblast                Erth           #.....       94%         1    ##.....
 Shock                    Conj/Air       #....        94%         1    ##.....
 Slow                     Hex            #.......     94%         1    ##.....
 Summon Butterflies       Summ           #.......     94%         1    ##.....
 Summon Small Mammal      Summ           #...         94%         1    ##.....
 Blink                    Tloc           N/A          98%         2    ###....
 Call Imp                 Summ           #.....       98%         2    ###....
 Ensorcelled Hibernation  Hex/Ice        #.....       98%         2    ###....
 Searing Ray              Conj           #.......     98%         2    ###....
 Song of Slaying          Chrm           #.......     98%         2    ###....
 Swiftness                Chrm/Air       #.......     98%         2    ###....
 Throw Frost              Conj/Ice       #.....       98%         2    ###....
 Call Canine Familiar     Summ           #.......     100%        3    ####...
 Conjure Flame            Conj/Fire      #.......     100%        3    ####...
 Iskenderun's Mystic Bla  Conj           #.......     100%        3    ####...
 Mephitic Cloud           Conj/Pois/Air  #.......     100%        3    ####...
 Ozocubu's Armour         Chrm/Ice       #.......     100%        3    ####...
 Regeneration             Chrm/Necr      #.........   100%        3    ####...
 Spectral Weapon          Hex/Chrm       #.......     100%        3    ####...
 Spider Form              Tmut/Pois      #..          100%        3    ####...
 Static Discharge         Air            #.......     100%        3    ####...
 Vampiric Draining        Necr           #.........   100%        3    ####...
 Airstrike                Air            #.........   100%        4    #####..
 Animate Dead             Necr           N/A          100%        4    #####..
 Fulminant Prism          Conj/Hex       #.........   100%        4    #####..
 Summon Ice Beast         Ice/Summ       #.......     100%        4    #####..
 Throw Icicle             Conj/Ice       #.......     100%        4    #####..
 Bolt of Draining         Conj/Necr      #.........   100%        5    ######.
 Irradiate                Conj/Tmut      #.........   100%        5    ######.
 Iskenderun's Battlesphe  Conj/Chrm      #.......     100%        5    ######.
 Lightning Bolt           Conj/Air       #.........   100%        5    ######.
 Piercing Shot            Chrm           #.........   100%        5    ######.
 Silence                  Hex/Air        #.........   100%        5    ######.
 Summon Lightning Spire   Summ/Air       #.......     100%        5    ######.
 Bolt of Cold             Conj/Ice       #.........   100%        6    #######
 Deflect Missiles         Chrm/Air       #.........   100%        6    #######
 Infestation              Hex/Tmut/Pois  #........    100%        6    #######
 Icicle Burst             Conj/Ice       #.........   100%        7    #######
 Chain Lightning          Conj/Air       #.........   100%        8    #######
 Discord                  Hex            #.........   100%        8    #######
 Ignition                 Fire           #.........   100%        8    #######
 Necromutation            Tmut/Necr      #.......     100%        8    #######
 Shatter                  Erth           #.........   100%        9    #######
 Tornado                  Air            #.........   100%        9    #######


Dungeon Overview and Level Annotations

Branches:
Dungeon (12/12)            Temple (1/1) D:6            Lair (6/6) D:7
  Swamp (3/3) Lair:2       Spider (3/3) Lair:3        Slime (0/5) Lair:5
    Orc (0/1) D:10         Vaults (3/3) D:12         Depths (0/5) D:12
  Crypt: Vaults:1-2

Altars:
Ashenzari
Cheibriados
Dithmenos
Elyvilon
Fedhas
Gozag
Hepliaklqana
Kikubaaqudgha
Lugonu
Makhleb
Nemelex Xobeh
Okawaru
Qazlal
Ru
Sif Muna
Trog
Uskayaw
Vehumet
Wu Jian
Xom
Yredelemnul
Zin
The Shining One
Beogh
Jiyva

Shops:
D:6 (   D:7 *   D:9 ?   Vaults:3 (

Portals:
Trove: D:11 (give +3 storm dragon scales)

Annotations:
Lair:5 Rupert
Swamp:1 Josephine
Swamp:3 Lernaean hydra, Nikola


Innate Abilities, Weirdness & Mutations

You have razor-sharp teeth.
You are completely attuned to the shadows.
Your natural rate of healing is unusually fast.
Potions cannot restore your health.
You are immune to rotting.
Your bite drains your enemy's life force.
Your bites deal extra damage.
Your stealth is less affected by armour.


Message History

A deep elf knight comes into view. It is wielding a +0 short sword.
Your transformation is almost over.
You block the +1 glaive of distortion's attack.
Your extra speed is starting to run out.
You emerge from the shadows.
You feel yourself slow down.
A titan comes into view.
A vault sentinel comes into view. It is wielding a +0 falchion.
The vault warden unwields a +0 long sword.
The vault warden wields a +0 arbalest.
The vault warden shoots a bolt.
You block the bolt.
The vault sentinel moves out of view.
You see here 38 gold pieces.
Aiming: Shadow Step
Press: ? - help, Dir - move target cursor, f - titan
Aim: a titan (hasn't noticed you, umbra)
You step into the titan's shadow.
You leave a shadowy clone behind.
The titan points at you and mumbles some strange words.
The bolt of lightning misses you.
The vault sentinel blows a loud note on a signal horn!
You hear a shout! x7
The titan waves its arms in wide circles.
The air twists around and strikes you!!
The vault warden unwields a +0 arbalest.
The vault warden wields a +0 long sword.
The vault warden completely misses you.
Something completely misses Artagas's shadow.
A stone giant comes into view.
You feel less exhausted.
Artagas's shadow hits the vault sentinel.
The stone giant throws a large rock.
You block the large rock.
The vault sentinel blows a loud note on a signal horn!
Something hits the vault sentinel.
You hear a shout! x2; You hear two shouts!
The stone giant closely misses you. You block the stone giant's attack.
The vault warden unwields a +0 long sword.
The vault warden wields a +0 arbalest.
The vault warden shoots a bolt.
The bolt misses you.
The titan points at you and mumbles some strange words.
The bolt of lightning misses you.
A sphinx comes into view.
You hear a shout!
You block the stone giant's attack.
You turn into a swirling mass of dark shadows.
You feel drained.
You fade into the shadows.
You block the stone giant's attack.
The titan waves its arms in wide circles.
You emit a cloud of dark smoke.
You feel drained.
An ettin comes into view. It is wielding two +0 dire flails.
The sphinx mumbles some strange words.
Something smites you!
You emit a cloud of dark smoke.
You feel drained.
An ettin comes into view.
It is wielding a +0 dire flail and a +1 dire flail of draining.
The titan waves its arms in wide circles.
You emit a cloud of dark smoke.
You feel drained. You block the ettin's attack. x2
The sphinx mumbles some strange words.
You are unaffected.
A war gargoyle and a vault guard come into view.
The vault guard is wielding a +0 dire flail of draining.
The vault guard moves out of view.
The war gargoyle launches metal splinters at you.
The spray of metal splinters misses you.
You hear a shout!
You block the war gargoyle's attack.
The yaktaur unwields a +0 arbalest.
You block the yaktaur's attack. The war gargoyle misses you.
You hit the war gargoyle but do no damage.
You bite the war gargoyle.
The war gargoyle is lightly damaged.
The sphinx completely misses you. x2; The sphinx hits you but does no damage.
The war gargoyle completely misses you.
The war gargoyle hits you but does no damage.
A tengu reaver comes into view. It is wielding a +0 great mace.
The war gargoyle launches metal splinters at you.
The spray of metal splinters hits you!
The yaktaur wields a +0 arbalest.
The yaktaur shoots a bolt.
The bolt hits the war gargoyle.
The tengu reaver casts a spell.
The tengu reaver conjures a globe of magical energy!
The war gargoyle hits you with a +0 dire flail!!
You emit a cloud of dark smoke.
You feel drained.
You hear a shout! x3
A battlesphere comes into view.
A titan comes into view.
The tengu reaver points at you and mumbles some strange words.
The blast of poison engulfs you! You resist.
A frost giant comes into view.
It is wielding a +1 battleaxe of freezing.
The war gargoyle launches metal splinters at you.
The spray of metal splinters hits you!
* * * LOW HITPOINT WARNING * * *
You emit a cloud of dark smoke.
You feel drained. The tengu reaver barely misses you.
You block the tengu reaver's attack. x2
Blink to where?
Press: ? - help, Dir - move target cursor
As you read the scroll of blinking, it crumbles to dust.
A vault warden and an ironbrand convoker come into view.
Your transformation is almost over.
The frost giant points at you and mumbles some strange words.
The freezing blast explodes!
The freezing blast engulfs you!
You die...

,*,,,,#.p#,,,,,.,#§H§#p..,,,,#p.#
,*,,,,#..#,,,,,..##§##...,,,,#.p#
,*,,,,#pC#,,,,,.C.H9§...,,,,,#..#
,*,,,,#..########§§Q§○########..#
,*,,,,#.........#☼☼☼○○#.........#
,*,,,,#...).....#°.○§§#..(p..@..#
,*,,,,#..c......#..C§§#.........#
,*,,,,#.c########.....########..#
,*,,,,#..#,,.p..W...[..,,,,,,#.$#
,*,,,,#..#,,.....#####,,,,,,,#..#
,*,,,,#..#,,.....#...#,,,,,,,#..#
,*,,,,#..#,,.....#...#,,,,,,,#..#
,*,,,,#..#,,%p...#...#,,,,,,,#..#
,*,,,,#..#########...#########..#
,*,,,,#.........................#
,,,,,............................
,,,,...e#######################..


You could see a frost giant, a vault warden (wandering) and an ironbrand
convoker (wandering).

Vanquished Creatures
  Gastronok (D:8)
  A lich (Vaults:3)
  An emperor scorpion (Spider:2)
  A ghost moth (Spider:3)
  An ironheart preserver (Vaults:1)
  A juggernaut skeleton (Vaults:3)
  2 very ugly things (Vaults:1)
  Snorg (Lair:3)
  A jiangshi (Vaults:2)
  2 yaktaur captains (Vaults:1)
  A ghost crab (Swamp:1)
  7 hydras
  An anaconda (Lair:6)
  An anaconda (shapeshifter) (Vaults:3)
  3 catoblepae
  4 alligators
  2 centaur warriors
  An ogre mage (Vaults:1)
  4 two-headed ogres (Vaults:1)
  2 dancing weapons (D:12)
  A queen ant (Lair:5)
  3 death yaks (Lair:6)
  Sonja (Lair:2)
  A fire crab (shapeshifter) (D:12)
  A spriggan (Swamp:2)
  3 skeletal warriors (D:11)
  A spriggan druid (Swamp:3)
  A death drake (Swamp:3)
  A wizard (Vaults:2)
  4 swamp dragons (Swamp:3)
  An ironbrand convoker (Vaults:3)
  Pikel (D:8)
  3 harpies (Vaults:1)
  A cyclops (D:11)
  An oklob plant (Lair:4)
  2 phantasmal warriors
  6 orb spiders
  A deep elf mage (D:12)
  A necromancer (Vaults:3)
  12 ugly things
  A manticore (D:12)
  8 wolf spiders
  4 elephants (Lair:5)
  5 black mambas
  2 vault sentinels (Vaults:1)
  Maurice (D:8)
  Joseph (D:8)
  A guardian serpent (Lair:6)
  A gargoyle (D:12)
  A kobold demonologist (D:9)
  5 centaur skeletons
  17 cane toads
  5 komodo dragons
  3 demonic crawlers
  A freezing wraith (Vaults:3)
  A yaktaur (Vaults:3)
  7 rime drakes
  A human skeleton (Vaults:3)
  A yaktaur skeleton (Vaults:3)
  A troll (shapeshifter) (D:12)
  2 jumping spiders
  A meliai (shapeshifter) (Vaults:1)
  5 tyrant leeches
  A polar bear (shapeshifter) (Vaults:1)
  9 polar bears
  2 trolls
  A tengu simulacrum (Vaults:3)
  2 hornets
  13 dream sheep
  17 slime creatures
  4 blink frogs (Lair:5)
  11 hippogriffs
  3 bog bodies
  A shadow (D:12)
  14 tarantellas
  8 redbacks
  2 vampires (D:11)
  14 wyverns
  43 yaks
  A steam dragon (D:6)
  9 basilisks
  A human simulacrum (Vaults:1)
  2 hungry ghosts
  An insubstantial wisp (Swamp:3)
  14 soldier ants
  4 swamp worms
  9 crocodiles
  16 water moccasins
  8 porcupines
  A hell hound (Lair:4)
  10 orc warriors
  2 ice beasts
  3 sky beasts
  A human zombie (Vaults:3)
  3 slaves (D:8)
  2 phantoms
  3 swamp drakes (Swamp:3)
  6 black bears
  A necrophage (D:4)
  An eye of draining (D:11)
  3 centaurs
  5 ogres
  6 wolves
  12 bullfrogs
  2 big kobolds
  2 gnoll sergeants
  A wyvern skeleton (D:6)
  A water moccasin skeleton (D:8)
  3 scorpions
  10 wights
  5 howler monkeys
  An electric eel (Lair:2)
  4 crimson imps
  2 jellies
  A gnoll shaman (D:8)
  2 hounds
  7 orc priests
  14 orc wizards
  A bullfrog skeleton (D:5)
  6 iguanas
  37 worker ants
  A hound zombie (D:9)
  3 hound skeletons
  A worker ant zombie (D:7)
  13 gnolls
  10 adders
  3 shadow imps
  An ooze (D:3)
  2 worms (D:2)
  2 dart slugs
  6 leopard geckos
  57 orcs
  A ball python (D:2)
  6 bats
  4 giant cockroaches
  11 goblins
  15 hobgoblins
  20 jackals
  5 quokkas
  5 frilled lizards
  28 kobolds
  4 rats
  A plant (Lair:4)
726 creatures vanquished.

Vanquished Creatures (collateral kills)
  A hydra (Lair:3)
  A dancing weapon (Vaults:3)
  A tarantella (Spider:3)
3 creatures vanquished.

Vanquished Creatures (others)
  A slave (D:8)
  An ogre (D:5)
  An orc wizard (D:8)
  An orc (D:8)
  A kobold (Bailey)
  2 bushes
  27 fungi
  18 plants
52 creatures vanquished.

Grand Total: 781 creatures vanquished

Notes
Turn   | Place    | Note
-------+----------+-------------------------------------------
     0 | D:1      | Artagas the Vine Stalker Rogue began the quest for the Orb.
     0 | D:1      | Reached XP level 1. HP: 12/12 MP: 3/3
   189 | D:1      | Reached skill level 6 in Stealth
   192 | D:1      | Reached skill level 2 in Fighting
   192 | D:1      | Reached skill level 2 in Short Blades
   217 | D:1      | Reached XP level 2. HP: 17/17 MP: 4/4
   926 | D:2      | Reached XP level 3. HP: 16/22 MP: 5/5
  1341 | D:2      | Reached XP level 4. HP: 16/27 MP: 6/6
  1601 | D:2      | Reached skill level 3 in Fighting
  1601 | D:2      | Reached skill level 3 in Short Blades
  2070 | D:3      | Reached XP level 5. HP: 31/32 MP: 7/7
  3069 | D:4      | Reached skill level 4 in Fighting
  3069 | D:4      | Reached skill level 4 in Short Blades
  3069 | D:4      | Gained mutation: You have razor-sharp teeth. [Vine Stalker
                  | growth]
  3069 | D:4      | Reached XP level 6. HP: 23/38 MP: 8/8
  3199 | D:4      | Found a shimmering blue altar of Sif Muna.
  3216 | D:4      | Found a blossoming altar of Fedhas.
  3366 | D:4      | Noticed a necrophage
  3380 | D:4      | Killed a necrophage
  3380 | D:4      | Reached skill level 5 in Fighting
  3621 | D:4      | Got a translucent long sword
  3622 | D:4      | Identified the +6 long sword of Gimmemmulust {slice, +Inv
                  | rPois MR+ Dex+5} (You found it on level 4 of the Dungeon)
  3686 | D:5      | Entered Level 5 of the Dungeon
  3861 | D:5      | Reached XP level 7. HP: 44/44 MP: 9/9
  3869 | D:5      | Reached skill level 1 in Long Blades
  3883 | D:5      | Reached skill level 2 in Long Blades
  4254 | D:5      | Found a basalt altar of Yredelemnul.
  4283 | D:5      | Reached skill level 6 in Fighting
  4289 | D:5      | Reached skill level 3 in Long Blades
  4292 | D:5      | Gained mutation: Your bite drains your enemy's life force.
                  | [Twilight Stalker growth]
  4292 | D:5      | Gained mutation: Your stealth is less affected by armour.
                  | [Twilight Stalker growth]
  4292 | D:5      | Gained mutation: You are slightly more attuned to the
                  | shadows. [Twilight Stalker growth]
  4292 | D:5      | Reached XP level 8. HP: 40/51 MP: 9/10
  4300 | D:5      | Reached skill level 4 in Long Blades
  4566 | D:6      | Found a hazy altar of Hepliaklqana.
  4612 | D:6      | Found an iron altar of Okawaru.
  4926 | D:6      | Found Epij's Weapon Shop.
  4963 | D:6      | Reached skill level 5 in Long Blades
  5120 | D:6      | Reached skill level 1 in Dodging
  5120 | D:6      | Reached skill level 2 in Evocations
  5201 | D:6      | Reached skill level 1 in Shields
  5311 | D:6      | Found a staircase to the Ecumenical Temple.
  5370 | Temple   | Entered the Ecumenical Temple
  5391 | Temple   | Became a worshipper of Dithmenos the Shadowed
  6052 | D:7      | Found Honn's Assorted Antiques.
  6057 | D:7      | Reached skill level 2 in Dodging
  6063 | D:7      | Reached skill level 2 in Shields
  6063 | D:7      | Reached XP level 9. HP: 55/55 MP: 12/12
  6070 | D:7      | Reached skill level 6 in Long Blades
  6070 | D:7      | Reached skill level 3 in Evocations
  6086 | D:7      | Bought a scroll labeled OKKAN ALIRUNT for 20 gold pieces
  6086 | D:7      | Bought a scroll labeled TIMEAZ UTHRUFF for 20 gold pieces
  6564 | D:7      | Found a staircase to the Lair.
  6603 | D:7      | Reached skill level 3 in Dodging
  6667 | D:7      | Reached skill level 3 in Shields
  7094 | D:8      | Noticed Joseph
  7214 | Lair:1   | Entered Level 1 of the Lair of Beasts
  7258 | Lair:1   | Reached skill level 4 in Evocations
  7426 | Lair:1   | Reached skill level 4 in Shields
  7433 | Lair:1   | Reached * piety under Dithmenos
  7433 | Lair:1   | Reached skill level 7 in Long Blades
  7450 | Lair:1   | Reached XP level 10. HP: 40/60 MP: 14/14
  7685 | Lair:1   | Reached skill level 8 in Long Blades
  7764 | Lair:1   | Reached skill level 4 in Dodging
  7844 | Lair:1   | Reached skill level 5 in Evocations
  7919 | Lair:1   | Noticed a cane toad
  7937 | Lair:1   | Killed a cane toad
  8310 | Lair:1   | Reached skill level 7 in Fighting
  8340 | Lair:2   | Reached skill level 5 in Dodging
  8404 | Lair:2   | Reached skill level 9 in Long Blades
  8410 | Lair:2   | Noticed a cane toad
  8421 | Lair:2   | Killed a cane toad
  8455 | Lair:2   | Found a staircase to the Swamp.
  8466 | Lair:2   | Noticed Sonja
  8471 | Lair:2   | Killed Sonja
  8477 | Lair:2   | Reached XP level 11. HP: 67/67 MP: 15/15
  8574 | Lair:2   | Reached skill level 10 in Long Blades
  8574 | Lair:2   | Reached skill level 1 in Armour
  8859 | Lair:2   | Got a heavily runed scale mail
  8880 | Lair:2   | Reached skill level 2 in Armour
  9074 | Lair:2   | Reached skill level 6 in Dodging
  9077 | Lair:2   | Reached ** piety under Dithmenos
  9304 | Lair:3   | Got a tattered robe
  9306 | Lair:3   | Noticed Snorg
  9320 | Lair:3   | Killed Snorg
  9320 | Lair:3   | Reached skill level 8 in Fighting
  9320 | Lair:3   | Reached skill level 3 in Armour
  9356 | Lair:3   | Identified the +4 robe of a volcano {+Fly rElec} (You found
                  | it on level 3 of the Lair of Beasts)
  9366 | Lair:3   | Identified the +6 scale mail of the Buccaneer {Str+2} (You
                  | found it on level 2 of the Lair of Beasts)
  9452 | Lair:3   | Reached skill level 1 in Invocations
  9643 | Lair:3   | Found a dark tunnel.
  9698 | Lair:3   | Reached skill level 2 in Invocations
  9911 | Lair:3   | Noticed a four-headed hydra
 10131 | Lair:4   | Gained mutation: You are significantly more attuned to the
                  | shadows. [Twilight Stalker growth]
 10131 | Lair:4   | Reached XP level 12. HP: 75/75 MP: 16/16
 10198 | Lair:4   | Reached skill level 11 in Long Blades
 10230 | Lair:4   | Got a crude whip
 10244 | Lair:4   | Reached skill level 3 in Invocations
 10296 | Lair:4   | Reached skill level 7 in Dodging
 10322 | Lair:4   | Identified the +9 whip "Beetle's Doom" {antimagic, +Blink
                  | rElec Dex+3} (You found it on level 4 of the Lair of
                  | Beasts)
 10487 | Lair:4   | Reached *** piety under Dithmenos
 10505 | Lair:4   | Reached skill level 9 in Fighting
 10507 | Lair:4   | Reached skill level 4 in Invocations
 10695 | Lair:4   | Noticed a catoblepas
 10717 | Lair:4   | Killed a catoblepas
 10717 | Lair:4   | Reached skill level 8 in Dodging
 10717 | Lair:4   | Reached skill level 5 in Invocations
 11345 | Lair:5   | Reached skill level 4 in Armour
 11370 | Lair:5   | Reached XP level 13. HP: 70/80 MP: 17/17
 11459 | Lair:5   | Noticed Rupert
 11511 | Lair:5   | Reached skill level 9 in Dodging
 11540 | Lair:5   | Reached skill level 10 in Fighting
 11559 | Lair:5   | Reached **** piety under Dithmenos
 11667 | Lair:4   | Reached skill level 12 in Long Blades
 12267 | Lair:5   | Found a staircase to the Slime Pits.
 12269 | Lair:5   | Found a viscous altar of Jiyva.
 12449 | Lair:6   | Entered Level 6 of the Lair of Beasts
 12551 | Lair:6   | Reached skill level 13 in Long Blades
 12561 | Lair:6   | Reached ***** piety under Dithmenos
 13164 | D:8      | Noticed Maurice
 13166 | D:8      | Killed Maurice
 13166 | D:8      | Reached XP level 14. HP: 88/88 MP: 18/18
 13189 | D:8      | Reached skill level 11 in Fighting
 13238 | D:8      | Noticed Pikel
 13258 | D:8      | Killed Pikel
 13427 | D:8      | Found a bloodstained altar of Trog.
 13545 | D:8      | Killed Joseph
 13693 | D:8      | Noticed Gastronok
 13706 | D:8      | Killed Gastronok
 13740 | D:9      | Found a flagged portal.
 13750 | Bailey   | Entered a bailey
 13809 | Bailey   | Reached skill level 12 in Fighting
 14112 | D:9      | Found a glowing golden altar of the Shining One.
 14352 | D:9      | Found Mumpyd's Magic Scroll Shop.
 14365 | D:9      | Bought a scroll of teleportation for 39 gold pieces
 14365 | D:9      | Bought a scroll of fear for 45 gold pieces
 14365 | D:9      | Bought a scroll of blinking for 97 gold pieces
 14365 | D:9      | Bought a scroll of identify for 26 gold pieces
 14365 | D:9      | Bought a scroll of blinking for 97 gold pieces
 14365 | D:9      | Bought a scroll of teleportation for 39 gold pieces
 14365 | D:9      | Identified a scroll of acquirement
 14544 | D:10     | Entered Level 10 of the Dungeon
 14868 | D:10     | Found a staircase to the Orcish Mines.
 14892 | D:10     | Found a roughly hewn altar of Beogh.
 14895 | D:10     | Reached ****** piety under Dithmenos
 14955 | D:10     | Reached skill level 6 in Invocations
 15358 | D:11     | Reached skill level 5 in Armour
 15634 | D:11     | Found a portal to a secret trove of treasure.
 16177 | D:12     | Entered Level 12 of the Dungeon
 16192 | D:12     | Got a shimmering shortbow
 16208 | D:12     | Reached skill level 10 in Dodging
 16379 | D:12     | Reached skill level 7 in Invocations
 16499 | D:12     | Found a gate to the Vaults.
 16742 | D:12     | Found a staircase to the Depths.
 16742 | D:12     | Noticed a fire giant
 17226 | Lair:6   | Reached skill level 6 in Armour
 17230 | Lair:6   | Reached XP level 15. HP: 57/96 MP: 21/21
 17366 | Lair:6   | Reached skill level 8 in Invocations
 17685 | Lair:3   | Found a hole to the Spider Nest.
 17702 | Spider:1 | Entered Level 1 of the Spider Nest
 17747 | Spider:2 | Reached skill level 11 in Dodging
 17881 | Spider:3 | Entered Level 3 of the Spider Nest
 17960 | Spider:3 | Reached skill level 5 in Shields
 18117 | Spider:3 | Reached skill level 6 in Shields
 18170 | Spider:3 | Killed a ghost moth
 18416 | Spider:3 | Reached skill level 7 in Shields
 18428 | Spider:3 | Noticed an emperor scorpion
 18429 | Spider:3 | Noticed an emperor scorpion
 18441 | Spider:3 | Identified a lightning rod (3/4) (You found it on level 6
                  | of the Lair of Beasts)
 18441 | Spider:3 | Got a gossamer rune of Zot
 18492 | Spider:2 | Noticed an emperor scorpion
 18531 | Spider:2 | Killed an emperor scorpion
 18632 | Swamp:1  | Entered Level 1 of the Swamp
 18826 | Swamp:1  | Noticed Josephine
 18853 | Swamp:1  | Reached skill level 8 in Shields
 18993 | Swamp:3  | Entered Level 3 of the Swamp
 19311 | Swamp:3  | Noticed Nikola
 19672 | Swamp:3  | Reached skill level 9 in Invocations
 19695 | Swamp:3  | Noticed the 27-headed Lernaean hydra
 19744 | Swamp:3  | Got a decaying rune of Zot
 19813 | Swamp:3  | Noticed a thorn hunter
 19829 | Swamp:2  | Gained mutation: You are completely attuned to the shadows.
                  | [Twilight Stalker growth]
 19829 | Swamp:2  | Reached XP level 16. HP: 103/103 MP: 23/23
 20129 | Vaults:1 | Entered Level 1 of the Vaults
 20132 | Vaults:1 | Identified the Guide on the Doomed Snowflakes
 20249 | Vaults:1 | Reached skill level 12 in Dodging
 20665 | Vaults:1 | Reached skill level 10 in Invocations
 20868 | Vaults:1 | Reached skill level 13 in Fighting
 21085 | Vaults:3 | Entered Level 3 of the Vaults
 21156 | Vaults:3 | Noticed a lich
 21165 | Vaults:3 | Killed a lich
 21281 | Vaults:3 | Noticed a frost giant
 21285 | Vaults:3 | Found Onutoff's Antique Weapon Emporium.
 21285 | Vaults:3 | Noticed a shadow dragon
 21286 | Vaults:3 | Noticed a tentacled monstrosity
 21298 | Vaults:3 | Noticed a tengu reaver
 21331 | Vaults:3 | Noticed a juggernaut
 21395 | Vaults:3 | Noticed a titan
 21404 | Vaults:3 | Noticed a sphinx
 21421 | Vaults:3 | Noticed a tengu reaver
 21424 | Vaults:3 | Noticed a titan
 21424 | Vaults:3 | Noticed a frost giant
 21426 | Vaults:3 | Killed from afar by a frost giant

Skill      XL: |  1  2  3  4  5  6  7  8  9 10 11 12 13 14 15 16 |
---------------+-------------------------------------------------+-----
Stealth        | 6 |  6.0
Fighting       | 2 3 4 5 6 7 8 9 10 12 13 | 13.3
Short Blades   | 2 3 4 |  4.1
Long Blades    | 3 5 7 9 10 11 13 | 13.7
Dodging        | 2 3 5 6 8 9 10 11 12 | 12.8
Evocations     | 2 4 5 |  5.0
Shields        | 2 4 8 |  8.0
Armour         | 3 4 6 |  6.0
Invocations    | 2 5 7 9 10 | 10.0

Action                   |  1- 3 |  4- 6 |  7- 9 | 10-12 | 13-15 | 16-18 || total
-------------------------+-------+-------+-------+-------+-------+-------++-------
Melee: Dagger            |   105 |   279 |     1 |     3 |    56 |     2 ||   446
       Bite              |    10 |    37 |    65 |   210 |   582 |   150 ||  1054
       Long sword        |       |    23 |   246 |   434 |  1182 |   247 ||  2132
 Fire: Blowgun           |       |       |       |     1 |     3 |       ||     4
Throw: Tomahawk          |       |     4 |       |    17 |     1 |       ||    22
Invok: Shadow Step       |       |       |       |     2 |    16 |    11 ||    29
       Shadow Form       |       |       |       |       |     2 |     2 ||     4
 Abil: Evoke Invisibilit |       |       |     1 |     5 |     1 |     1 ||     8
Evoke: Wand              |       |    11 |     1 |       |     5 |     2 ||    19
       Lamp of fire      |       |       |       |       |     2 |     1 ||     3
       Lightning rod     |       |       |       |       |     1 |       ||     1
  Use: Scroll            |     2 |     8 |     5 |     2 |    12 |     7 ||    36
       Potion            |       |       |       |       |     2 |     3 ||     5
 Stab: Distracted        |     1 |       |       |     4 |    10 |     1 ||    16
       Sleeping          |     5 |     9 |    21 |    18 |    69 |    10 ||   132
       Invisible         |       |       |     2 |    12 |     5 |     1 ||    20
       Held in net/web   |       |       |       |       |     1 |       ||     1
  Eat: Chunk             |     1 |     9 |    11 |    13 |    24 |       ||    58
       Ration            |       |       |     1 |       |     1 |     2 ||     4
Armor: Ring mail         |    50 |    94 |    35 |       |       |       ||   179
       Robe              |     1 |       |       |       |       |       ||     1
       Scale mail        |       |       |     5 |    35 |   194 |    39 ||   273
Dodge: Dodged            |    55 |   126 |   100 |   225 |   757 |   154 ||  1417
Block: Buckler           |       |     6 |    77 |   175 |   368 |       ||   626
       Shield            |       |       |       |       |   332 |   242 ||   574

Levels and vault maps discovered:
D:1:      lemuel_arrival_room, layout_basic, lemuel_another_geyser
D:2:      layout_basic, kennysheep_nondescript, dk_noncrumbling_2,
          minmay_distorted
D:3:      layout_basic, serial_curves, eino_curves_03, eino_curves_01,
          eino_curves_03, eino_curves_01, minmay_liquid_box
D:4:      layout_loops_ring, fedhas_altar_2, kennysheep_mini_moat, first_ration
D:5:      layout_loops_cross, yredelemnul_altar_generic
D:6:      layout_layer_cave, lemuel_doored_altar, minmay_temple_entry_mist,
          serial_co_window_serial, co_window_corner_a, co_window_paths_a,
          co_window_paths_a, co_window_paths_a, co_window_paths_b,
          co_window_paths_b, co_window_broadway_b, co_window_of_opportunity_b,
          co_window_corner_b, co_window_broadway_b, co_window_2corner,
          co_window_of_opportunity_c, glass_columns_a, glass_columns_c,
          serial_shops, shop, okawaru_trees_2
D:7:      layout_loops_corners, dpeg_oklobed_lair, serial_shops, shop,
          serial_glass, glass_columns_b, glass_columns_b, grunt_ogre_cave
D:8:      layout_basic, lemuel_round_altar, lemuel_flamethrower_1, uniq_pikel,
          uniq_gastronok, uniq_joseph, uniq_maurice
D:9:      layout_roguey, nicolae_overflow_hidden_temple, enter_bailey_3,
          kennysheep_windowed_goal
D:10:     layout_long_grid, minmay_orc_entry_temple_small
D:11:     layout_stronghold, nicolae_trove_entry_free_sample
D:12:     grunt_enter_depths_giant_problem, layout_basic, erik_vaults_1,
          minmay_misc_feat_x, uniq_frances
Temple:   lightli_temple_of_artemis
Lair:1:   layout_long_grid, grunt_megastairs_3
Lair:2:   beast_lair_carwin_large_4, layout_chaotic_city, swamp_mist_pool,
          cheibrodos_lair_caveside_slide, uniq_sonja
Lair:3:   layout_gridlike, nicolae_spider_entry_orb_guardian, enter_volcano_2,
          serial_bayou_pond_d, grunt_megastairs_5, uniq_snorg
Lair:4:   layout_roguey [special_room_mythical_zoo], minmay_lair_oklob_chamber
Lair:5:   layout_roguey, slime_altar_1, st_stairs_4,
          nicolae_lair_grove_arrangements, eino_small_chamber_without_monster,
          zaba_anthell, uniq_rupert
Lair:6:   hangedman_lair_tendril_chambers, layout_loops_ring, wormcave,
          minivault_11
Swamp:1:  layout_basic_swamp, serial_swamp_ruin, evilmike_swamp_ruin_rubble_2,
          hangedman_swamp_ruin_wall, swamp_pool2, uniq_josephine
Swamp:2:  layout_basic_swamp, nicolae_swamp_triple_paths
Swamp:3:  swamp_old_school, layout_basic_swamp, uniq_nikola
Spider:1: spiders_nest_a
Spider:2: layout_spider_delve
Spider:3: grunt_spider_rune_parallel, spider_trap
Vaults:1: nicolae_vaults_big_ls, hangedman_vaults_impose, vaults_room_corners,
          nicolae_vaults_theta, nicolae_vaults_network_s,
          hangedman_vaults_stream, v_misc_33, vaults_mumra_minichess_inversion,
          nicolae_vaults_ring_of_whatevers, grunt_vaults_hallway_long,
          vaults_dpeg_encased_lava, v_misc_24, layout_vaults_ring, serial_shops,
          nicolae_shop_window_shopping
Vaults:2: gammafunk_vaults_ghost_grave, minmay_crypt_entry_simple_box,
          ontoclasm_vaults_ring_square, vaults_dpeg_spiral,
          nicolae_vaults_triangles, vaults_room_grunt_arrival_checkpoint,
          v_misc_18, v_alt_pattern_2, hangedman_vaults_nails,
          nicolae_vaults_mini_display_case, layout_vaults_omnibox, serial_shops,
          shop_statue
Vaults:3: serial_shops, uniq_sojobo

Table legend:
 A = Turns spent in this place as a percentage of turns spent in the entire game.
 B = Non-inter-level travel turns spent in this place as a percentage of non-inter-level travel turns spent in the entire game.
 C = Inter-level travel turns spent in this place as a percentage of turns spent in this place.
 D = Turns resting spent in this place as a percentage of non-inter-level travel turns spent in this place.
 E = Turns spent auto-exploring this place as a percentage of non-inter-level travel turns spent in this place.
 F = Non-inter-level travel turns spent in this place divided by the number of levels of this place that you've seen.
                   A       B       C       D       E      F
               +-------+-------+-------+-------+-------+----------------------
         Total | 100.0 | 100.0 |   6.7 |  10.5 |  54.4 | 689.0
       Dungeon |  52.1 |  51.2 |   8.4 |   3.7 |  69.5 | 852.5
        Temple |   0.2 |   0.1 |  45.2 |   0.0 |  78.3 |  23.0
          Lair |  30.9 |  31.3 |   5.7 |   9.8 |  51.0 | 1041.0
         Swamp |   5.9 |   6.2 |   2.7 |  30.0 |  15.9 | 410.0
   Spider Nest |   4.1 |   4.1 |   7.0 |  28.4 |  27.3 | 271.3
        Vaults |   6.1 |   6.4 |   0.8 |  39.4 |   9.5 | 428.7
        Bailey |   0.7 |   0.8 |   0.0 |   0.0 |   9.3 | 151.0
               +-------+-------+-------+-------+-------+----------------------

Table legend:
 A = Kills in this place as a percentage of kills in entire the game.
 B = Kills by you in this place as a percentage of kills by you in the entire game.
 C = Kills by friends in this place as a percentage of kills by friends in the entire game.
 D = Other kills in this place as a percentage of other kills in the entire game.
 E = Experience gained in this place as a percentage of experience gained in the entire game.
 F = Experience gained in this place divided by the number of levels of this place that you have seen.
                   A       B       C       D       E      F
               +-------+-------+-------+-------+-------+----------------------
         Total | 100.0 | 100.0 | 100.0 | 100.0 | 100.0 | 5620.3
       Dungeon |  45.2 |  45.3 |   0.0 | 100.0 |  20.1 | 2736.5
          Lair |  34.0 |  34.1 |  33.3 |   0.0 |  37.0 | 10051.0
         Swamp |   5.4 |   5.4 |   0.0 |   0.0 |  11.8 | 6410.7
   Spider Nest |   5.5 |   5.4 |  33.3 |   0.0 |   9.6 | 5229.7
        Vaults |   6.9 |   6.8 |  33.3 |   0.0 |  20.9 | 11367.0
        Bailey |   3.0 |   3.0 |   0.0 |   0.0 |   0.5 | 824.0
               +-------+-------+-------+-------+-------+----------------------
